 Dungeon Crawl Stone Soup version 0.30-a0-852-g08b95dd62f (webtiles) character file.

Game seed: 6562780191020655490

169140 Zonian the Grappler (level 17, -18/104 HPs)
             Began as a Vine Stalker Fighter on Mar 3, 2023.
             Was a High Priest of Ashenzari.
             Killed from afar by a storm dragon (24 damage)
             ... with a bolt of lightning
             ... on level 4 of the Shoals on Mar 4, 2023.
             The game lasted 02:06:21 (33914 turns).

Zonian the Grappler (Vine Stalker Fighter)         Turns: 33914, Time: 02:06:22

Health: -18/104    AC: 15    Str: 31    XL:     17   Next: 96%
Magic:  0/44       EV:  7    Int: 11    God:    Ashenzari [*****.]
Gold:   2175       SH:  0    Dex: 12    Spells: 37/43 levels left

rFire   . . .      SeeInvis +      - Unarmed
rCold   . . .      Faith    .    X - +3 kite shield "Gnosis of Ashenzari" {reflect, Alch, Melee} (curse)
rNeg    . . .      Spirit   +    a - +0 scale mail "Bound Failure" {Bglg, Self} (curse)
rPois   .          Reflect  +    f - +0 helmet of Cremastomancy {Self, Bglg} (curse)
rElec   .          Rampage  .    (no cloak)
rCorr   .          Clarity  +    V - +1 pair of gloves "Shackled Insecurity" {Will++ Int+3 Dex-2, Self, Alch} (curse)
Will    ++++.                    o - +0 pair of boots of Star-Bound Wisdom {Self, Melee} (curse)
Stlth   +++++                    h - amulet "Per Aspera Ad Scientiam" {Reflect SH+5, Self, Comp} (curse)
HPRegen 1.17/turn                y - ring of the Fated Soothsayer {MP+9, Cun, Range} (curse)
MPRegen 0.29/turn                Q - ring of Supernal Understanding {Str+6, Elem, Fort} (curse)

@: engulfed (cannot breathe), held
A: fangs 3, regeneration 1, magic shield, antimagic bite, no potion heal 2, weak
1
a: Renounce Religion, Shatter the Chains


You were on level 4 of the Shoals.
You worshipped Ashenzari.
Ashenzari was extremely pleased with you.
You visited 6 branches of the dungeon, and saw 28 of its levels.
You also visited: Ossuary.

You collected 2859 gold pieces.
You spent 684 gold pieces at shops.

Inventory:

Hand Weapons
 M - a +2 short sword of speed
Missiles
 g - 14 javelins (quivered)
 j - a curare-tipped dart
 D - 38 boomerangs
 J - 23 poisoned darts
Armour
 a - the cursed +0 scale mail "Bound Failure" (worn) {Bglg, Self}

   It has a curse which improves the following skills: Beguiling: Conjurations,
   Hexes and Translocations.
   Introspection: Fighting and Spellcasting.
 f - the cursed +0 helmet of Cremastomancy (worn) {Self, Bglg}
   (You found it on level 1 of the Dungeon)

   It has a curse which improves the following skills: Introspection: Fighting
   and Spellcasting.
   Beguiling: Conjurations, Hexes and Translocations.
 o - the cursed +0 pair of boots of Star-Bound Wisdom (worn) {Self, Melee}
   (You found it on level 2 of the Dungeon)

   It has a curse which improves the following skills: Introspection: Fighting
   and Spellcasting.
   Melee Combat: Short Blades, Long Blades, Axes, Maces & Flails, Polearms,
   Staves and Unarmed Combat.
 V - the cursed +1 pair of gloves "Shackled Insecurity" (worn) {Will++ Int+3 Dex-2, Self, Alch}
   (You acquired it on level 14 of the Dungeon)

   Int:       It affects your intelligence (+3).
   Dex:       It affects your dexterity (-2).
   Will:      It greatly increases your willpower.
   It has a curse which improves the following skills: Introspection: Fighting
   and Spellcasting.
   Alchemy:   Poison Magic and Transmutations.
 X - the cursed +3 kite shield "Gnosis of Ashenzari" (worn) {reflect, Alch, Melee}
   (You took it off a tengu warrior on level 14 of the Dungeon)

   It has a curse which improves the following skills: Alchemy: Poison Magic and
   Transmutations.
   Melee Combat: Short Blades, Long Blades, Axes, Maces & Flails, Polearms,
   Staves and Unarmed Combat.
Jewellery
 b - a +6 ring of dexterity
 h - the cursed amulet "Per Aspera Ad Scientiam" (around neck) {Reflect SH+5, Self, Comp}
   (You found it on level 3 of the Dungeon)

   [amulet of reflection]

   It reflects blocked missile attacks.
   SH:        It affects your SH (+5).
   It has a curse which improves the following skills: Introspection: Fighting
   and Spellcasting.
   Companions: Summonings and Necromancy.
 y - the cursed ring of the Fated Soothsayer (left hand) {MP+9, Cun, Range}
   (You found it on level 5 of the Dungeon)

   [ring of magical power]

   MP:        It affects your magic capacity (+9).
   It has a curse which improves the following skills: Cunning: Dodging and
   Stealth.
   Ranged Combat: Ranged Weapons and Throwing.
 O - a ring of protection from fire
 Q - the cursed ring of Supernal Understanding (right hand) {Str+6, Elem, Fort}
   (You found it on level 14 of the Dungeon)

   [ring of strength]

   Str:       It affects your strength (+6).
   It has a curse which improves the following skills: Elements: Fire Magic, Ice
   Magic, Air Magic and Earth Magic.
   Fortitude: Armour and Shields.
 R - a ring of resist corrosion
 S - a +5 ring of evasion
Wands
 x - a wand of acid (3)
 H - a wand of roots (6)
 L - a wand of digging (6)
 N - a wand of paralysis (29)
 U - a wand of flame (7)
 W - a wand of mindburst (22)
Scrolls
 m - 5 scrolls of teleportation
 s - 2 scrolls of fog
 v - 5 scrolls of vulnerability
 B - 5 scrolls of amnesia
 C - 5 scrolls of enchant weapon
 E - 3 scrolls of poison
 K - 2 scrolls of enchant armour
 Y - 2 scrolls of magic mapping
 Z - 2 scrolls of brand weapon
Potions
 c - 5 potions of might
 e - 4 potions of curing
 n - 3 potions of invisibility
 p - 2 potions of berserk rage
 q - 6 potions of haste
 r - 5 potions of brilliance
 t - 5 potions of lignification
 z - 5 potions of ambrosia
 A - 2 potions of cancellation
 F - 4 potions of flight
 I - a potion of magic
Miscellaneous
 u - a condenser vane
 T - a phantom mirror (inert)


   Skills:
 - Level 11.3(17.7) Fighting
 + Level 5.1(7.4) Throwing
 - Level 12.3(14.6) Armour
 - Level 9.7(12.0) Dodging
 - Level 14.1(16.3) Stealth
 - Level 8.0(10.3) Shields
 - Level 14.2(17.5) Unarmed Combat
 + Level 7.5(13.8) Spellcasting
 + Level 6.1(9.6) Conjurations
 + Level 6.8(9.2) Air Magic
 + Level 5.1(8.4) Poison Magic
 - Level 9.6 Evocations


You had 37 spell levels left.
You knew the following spells:

 Your Spells              Type           Power      Damage    Failure   Level
a - Swiftness             Air            27%        N/A       2%          3
b - Mephitic Cloud        Conj/Pois/Air  27%        N/A       2%          3

Your spell library contained the following spells:

 Spells                   Type           Power      Damage    Failure   Level
 Shock                    Conj/Air       100%       1d9       1%          1
 Poisonous Vapours        Pois/Air       54%        N/A       1%          2
 Foxfire                  Conj/Fire      72%        2x1d7     4%          1
 Kiss of Death            Conj/Necr      72%        2d10      4%          1
 Sting                    Tmut/Pois      68%        1d6       4%          1
 Cigotuvi's Dreadful Rot  Necr/Pois/Air  40%        N/A       4%          2
 Airstrike                Air            13%        2d(2-18)  7%          4
 Olgreb's Toxic Radiance  Pois           26%        N/A       10%         4
 Stone Arrow              Conj/Erth      36%        3d9       13%         3
 Spider Form              Tmut/Pois      17%        N/A       16%         3
 Sandblast                Erth           16%        2d6       28%         1
 Ensorcelled Hibernation  Hex/Ice        16%        N/A       38%         2
 Passwall                 Tmut/Erth      6%         N/A       38%         2
 Scorch                   Fire           16%        2d6       38%         2
 Confusing Touch          Hex            8%         N/A       61%         3
 Gell's Gravitas          Tloc           8%         N/A       61%         3
 Teleport Other           Tloc           8%         N/A       61%         3
 Inner Flame              Hex/Fire       8%         N/A       63%         3
 Ozocubu's Armour         Ice            8%         N/A       63%         3
 Anguish                  Hex/Necr       4%         N/A       95%         4
 Animate Armour           Summ/Erth      16%        N/A       95%         4
 Dispel Undead            Necr           8%         3d8       95%         4
 Blade Hands              Tmut           4%         N/A       100%        5
 Dispersal                Tloc           4%         N/A       100%        6
 Iron Shot                Conj/Erth      9%         9d3       100%        6
 Starburst                Conj/Fire      9%         6d5       100%        6
 Ozocubu's Refrigeration  Ice            4%         4d8       100%        7


Dungeon Overview and Level Annotations

Branches:
Dungeon (15/15)            Temple (1/1) D:5            Lair (5/5) D:10
 Shoals (4/4) Lair:3        Snake (1/4) Lair:2        Slime (0/5) Lair:4
    Orc (2/2) D:11            Elf (0/3) Orc:2        Vaults (0/5) D:13
 Depths (0/4) D:15        Ossuary (visited)

Altars:
Ashenzari
Cheibriados
Dithmenos
Elyvilon
Fedhas
Hepliaklqana
Makhleb
Nemelex Xobeh
Okawaru
Ru
Trog
Uskayaw
Vehumet
Wu Jian
Yredelemnul
Jiyva

Shops:
D:11 *   Orc:2 !::!

Annotations:
D:6 2 transporters, 1 runed translucent door, tarna41's ghost, novice DsCK
D:14 exclusion: ice statue
Shoals:3 2 transporters, jasper's ghost, adept HOMo


Innate Abilities, Weirdness & Mutations

You have razor-sharp teeth.
Your natural rate of healing is unusually fast.
When hurt, damage is shared between your health and your magic reserves.
Your bite disrupts and absorbs the magic of your enemies.
Potions cannot restore your health.
You are weak. (Str -2)


Message History

The storm dragon claws you but does no damage.
The storm dragon closely misses you. The water elemental hits you.
* * * LOW HITPOINT WARNING * * *
The water elemental engulfs you in water!
Okay, then.
You are engulfed and unable to breathe.
Your movement speed is average.
Your attack delay is about 0.7 (and is slowed by your shield).
Your damage rating with unarmed combat is about 39 (Base [3 + 17 (UC)] x 152% (Str) x 129% (Fight)).
Your base attributes are Str 27, Int 8, Dex 14.
Unknown command.
Unknown command.
Throw: boomerang (disperse)
Press: ? - help, Shift-Dir - straight line, f - storm dragon
Aim: a storm dragon (moderately wounded, 69% to hit)
You throw a boomerang of dispersal.
The boomerang of dispersal hits the storm dragon and shatters for extra damage!!
The storm dragon blinks!
The storm dragon is heavily wounded.
* * * LOW HITPOINT WARNING * * *
Your lungs strain for air!
The merfolk throws a throwing net.
The throwing net hits you.
You become entangled in the net!
The water elemental hits you.
You cannot read scrolls while unable to breathe!
Unknown command.
You struggle against the net.
* * * LOW HITPOINT WARNING * * *
Your lungs strain for air!
The water elemental hits you!
* * * LOW HITPOINT WARNING * * *
Aiming: Corrosive Bolt
Press: ? - help, Shift-Dir - straight line, f - water elemental, p - storm dragon
Aim: a water elemental (84% to hit)
The bolt of acid hits the water elemental!!
The water elemental is heavily damaged.
* * * LOW HITPOINT WARNING * * *
Your lungs strain for air!
The merfolk hits you but does no damage.
The storm dragon breathes lightning at you.
The bolt of lightning hits you!!
You die...

~~~~.'~##§§~~~~:~):~~~~~~##~..~.~
~~#~.'~*#§§~~~~)φ|)~~~~~~##~..~.)
..m~.# *~~~.#~~#~~#~~#.~~~#~#)).~
~#~ ~~~~.#~~~~~~~ #.~†~~~#.~~.
~#~ , ~~~~..##~~~D~ *#..~~~~#.~~#
~~~ #~~~#..####~~####..#~~~#.#)~
~~~ ,#.~.#~.....m......~#.~.#..)~
~ ,, , #~~..........~~#...#..~~
~~*,, * ,####...@....####..##..~~
~ ,{* { ......E##........~##....
{,{8* ~......#*##......~~##8...
######* #..... ,,......#########
.....########################....
.≈≈≈≈.#8.......)..........8#.≈≈≈≈
.≈##≈.#.....~~~~~~~~.~.....#.≈##≈
.≈##≈.#..~~~~~~~..#~~~~~...#.≈##≈
.≈≈≈≈.#..~~~#~...##..~~~~..#.≈≈≈≈


You could see a storm dragon (catching breath), a merfolk and a water elemental.

Vanquished Creatures
  Frances (D:13)
  A kraken (Shoals:2)
  Polyphemus (Shoals:4)
  An orc warlord (Orc:1)
  The ghost of GloriousHammer the Wallflower, an adept VSBr of Uskayaw (Shoals:2)
  A stone giant (D:11)
  Nessos (D:13)
  3 merfolk javelineers
  A fire dragon (Lair:5)
  7 merfolk impalers
  3 rakshasas
  A vault guard (D:13)
  3 hydras
  Fannar (Lair:3)
  An ice dragon (Lair:5)
  Erolcha (D:13)
  A catoblepas (Shoals:3)
  7 centaur warriors
  3 ogre magi
  3 death knights
  7 boulder beetles
  2 alligator snapping turtles
  A merfolk avatar (Shoals:3)
  An anaconda (Snake:1)
  7 merfolk aquamancers
  16 two-headed ogres
  A satyr (Shoals:2)
  17 death yaks
  3 tengu warriors
  2 orc high priests
  Urug (D:13)
  5 skysharks
  A salamander mystic (Snake:1)
  2 deep trolls
  9 sea snakes
  A glowing orange brain (D:15)
  A swamp dragon (Lair:5)
  2 orc knights
  3 wizards
  A lindwurm (Lair:5)
  9 harpies
  2 necromancers (D:13)
  An orc sorcerer (D:14)
  5 deep elf pyromancers
  6 ugly things
  A mana viper (Snake:1)
  13 cyclopes
  8 fauns
  5 manticores
  A salamander (Snake:1)
  8 merfolk sirens
  8 elephants (Lair:5)
  5 black mambas
  2 smoke demons (D:14)
  A water nymph (shapeshifter) (D:14)
  9 water nymphs
  13 cane toads
  6 torpor snails
  4 naga magi (Snake:1)
  A rust devil (D:14)
  2 gargoyles
  An unseen horror (D:12)
  A freezing wraith (D:11)
  6 rime drakes
  9 komodo dragons
  A red devil (D:14)
  An efreet (D:12)
  A yaktaur (D:13)
  30 merfolk
  Grinder (D:3)
  4 tyrant leeches (Lair:5)
  8 hornets (Lair:5)
  20 trolls
  8 wind drakes
  30 blink frogs
  4 snapping turtles
  3 wraiths
  A shadow (D:11)
  18 slime creatures
  A wyvern (Lair:3)
  2 vampires (D:12)
  A culicivora (shapeshifter) (D:15)
  4 air elementals (Shoals:4)
  20 humans (D:13)
  12 water elementals
  51 yaks
  A golden eye (shapeshifter) (D:15)
  2 steam dragons
  2 basilisks
  2 chaos spawn (D:14)
  4 wargs
  5 vampire mosquitoes
  4 acid dragons
  3 nagas (Snake:1)
  13 water moccasins
  A floating eye (Shoals:4)
  2 swamp drakes (Lair:5)
  22 orc warriors
  2 black bears
  22 ogres
  9 wolves
  12 centaurs
  3 kobold brigands
  3 scorpions
  16 bullfrogs
  4 gnoll sergeants
  4 wights (D:8)
  9 killer bees
  2 howler monkeys
  23 orc priests
  A hound (D:6)
  6 iguanas
  18 orc wizards
  2 sleepcaps
  14 hell rats
  8 mummies (Ossuary)
  3 adders
  18 gnolls
  3 white imps
  3 worms
  4 dart slugs
  92 orcs
  6 endoplasms
  6 giant cockroaches
  5 goblins
  8 hobgoblins
  5 jackals (D:2)
  19 kobolds
  4 quokkas
  10 ball pythons
  4 bats
  3 frilled lizards
  2 hobgoblin zombies (Ossuary)
  3 kobold zombies (Ossuary)
  3 orc zombies (Ossuary)
  3 rats
  4 tentacles (Shoals:2)
900 creatures vanquished.

Vanquished Creatures (collateral kills)
  A merfolk (Shoals:4)
1 creature vanquished.

Vanquished Creatures (others)
  An unseen horror (D:12)
  A sky beast (D:7)
  An ogre (Orc:2)
  A bush (Lair:4)
  2 demonic plants (D:14)
  45 fungi
  149 plants
  8 tentacles (Shoals:2)
208 creatures vanquished.

Grand Total: 1109 creatures vanquished

Notes
Turn   | Place    | Note
-------+----------+-------------------------------------------
     0 | D:1      | Zonian the Vine Stalker Fighter began the quest for the
                  | Orb.
     0 | D:1      | Reached XP level 1. HP: 11/11 MP: 2/2
    98 | D:1      | Reached XP level 2. HP: 16/16 MP: 1/3
   315 | D:1      | Reached XP level 3. HP: 20/20 MP: 2/4
   774 | D:2      | Gained mutation: Your natural rate of healing is unusually
                  | fast. [Vine Stalker growth]
   774 | D:2      | Reached XP level 4. HP: 24/24 MP: 5/5
  1257 | D:3      | Found a faded altar of an unknown god.
  1396 | D:3      | Noticed Grinder
  1405 | D:3      | Killed Grinder
  1406 | D:3      | Reached XP level 5. HP: 12/29 MP: 6/6
  1406 | D:3      | Reached XP level 6. HP: 14/33 MP: 7/7
  2411 | D:4      | Reached XP level 7. HP: 34/38 MP: 5/8
  2690 | D:4      | Found a blossoming altar of Fedhas.
  2691 | D:4      | Found a hazy altar of Hepliaklqana.
  2691 | D:4      | Found a basalt altar of Yredelemnul.
  2692 | D:4      | Found an iron altar of Okawaru.
  2730 | D:5      | Entered Level 5 of the Dungeon
  2873 | D:5      | Found a staircase to the Ecumenical Temple.
  2878 | Temple   | Entered the Ecumenical Temple
  2912 | Temple   | Became a worshipper of Ashenzari the Shackled
  3355 | D:5      | Reached skill level 5 in Fighting
  3355 | D:5      | Reached skill level 5 in Unarmed Combat
  3914 | D:6      | Gained mutation: You have razor-sharp teeth. [Vine Stalker
                  | growth]
  3914 | D:6      | Reached XP level 8. HP: 32/44 MP: 9/9
  3959 | D:6      | Found a sand-covered staircase.
  3970 | Ossuary  | Entered an ossuary
  4302 | D:6      | Found a transporter.
  4377 | D:6      | Found an ornate altar of the Wu Jian Council.
  4483 | D:6      | Found a runed translucent door.
  4483 | D:6      | Noticed tarna41's ghost (novice DsCK)
  4516 | D:6      | Found a transporter.
  4531 | D:6      | Reached * piety under Ashenzari
  4754 | D:7      | Found a sparkling altar of Nemelex Xobeh.
  4859 | D:7      | Found a hide-covered altar of Uskayaw.
  5059 | D:7      | Reached ** piety under Ashenzari
  5636 | D:8      | Reached XP level 9. HP: 52/54 MP: 10/10
  6277 | D:9      | Reached *** piety under Ashenzari
  7006 | D:9      | Reached XP level 10. HP: 46/63 MP: 11/11
  7087 | D:9      | Reached **** piety under Ashenzari
  7126 | D:9      | Reached skill level 10 in Unarmed Combat
  7141 | D:9      | Reached skill level 1 in Dodging
  7526 | D:10     | Entered Level 10 of the Dungeon
  7526 | D:10     | Noticed a two-headed ogre
  7531 | D:10     | Killed a two-headed ogre
  7654 | D:10     | Found a snail-covered altar of Cheibriados.
  7661 | D:10     | Identified the +4 long sword "Plog" {freeze, *Corrode Str-4
                  | Dex+4 SInv}
  7862 | D:10     | Found a shadowy altar of Dithmenos.
  7893 | D:10     | Reached skill level 5 in Armour
  8219 | D:10     | Found a white marble altar of Elyvilon.
  8284 | D:10     | Found a staircase to the Lair.
  8472 | D:11     | Found a staircase to the Orcish Mines.
  8483 | D:11     | Reached skill level 5 in Dodging
  8508 | D:11     | Reached XP level 11. HP: 68/70 MP: 13/13
  8658 | D:11     | Noticed a boulder beetle
  8886 | Lair:1   | Entered Level 1 of the Lair of Beasts
  8917 | Lair:1   | Reached skill level 1 in Stealth
  8973 | Lair:1   | Reached skill level 5 in Stealth
  9187 | Lair:1   | Reached skill level 1 in Spellcasting
  9316 | Lair:1   | Reached skill level 1 in Evocations
  9535 | Lair:1   | Reached XP level 12. HP: 71/74 MP: 25/25
  9547 | Lair:1   | Reached skill level 5 in Evocations
 10062 | Lair:2   | Found a frozen archway.
 10200 | Lair:2   | Found a staircase to the Snake Pit.
 10368 | Lair:2   | Noticed a four-headed hydra
 10373 | Lair:2   | Killed a four-headed hydra
 11004 | Lair:3   | Found a staircase to the Shoals.
 11084 | Lair:3   | Noticed a five-headed hydra
 11090 | Lair:3   | Killed a five-headed hydra
 11186 | Lair:3   | Noticed Fannar
 11288 | Lair:3   | Found a radiant altar of Vehumet.
 11479 | Lair:3   | Killed Fannar
 11727 | Lair:4   | Reached XP level 13. HP: 79/79 MP: 26/26
 12603 | Lair:4   | Found a viscous altar of Jiyva.
 12603 | Lair:4   | Found a staircase to the Slime Pits.
 13113 | Lair:4   | Reached skill level 10 in Stealth
 13552 | Lair:5   | Entered Level 5 of the Lair of Beasts
 13618 | Lair:5   | Reached skill level 10 in Fighting
 13639 | Lair:5   | Reached XP level 14. HP: 62/86 MP: 27/27
 14076 | Lair:5   | Reached ***** piety under Ashenzari
 14781 | Lair:5   | Reached skill level 10 in Armour
 14934 | Lair:5   | Found a runed translucent door.
 16092 | D:11     | Found Pacriad's General Store.
 16097 | D:11     | Bought a potion of invisibility for 96 gold pieces
 16584 | D:11     | Found a white marble altar of Elyvilon.
 16639 | D:11     | Identified a scroll of acquirement
 16678 | D:11     | Noticed a stone giant
 16687 | D:11     | Killed a stone giant
 17269 | D:12     | Reached XP level 15. HP: 90/92 MP: 28/28
 17938 | D:12     | Identified Dug Uhoob's Quarto of the Volcano
 18557 | D:12     | Reached skill level 5 in Spellcasting
 19118 | D:12     | Upgraded the game from 0.30-a0-845-g7c6808c8ce to
                  | 0.30-a0-847-g17996783a1
 19891 | D:13     | Found a gate to the Vaults.
 20023 | D:13     | Noticed Frances
 20039 | D:13     | Killed Frances
 20322 | D:13     | Noticed Urug
 20327 | D:13     | Killed Urug
 20341 | D:13     | Noticed Erolcha
 20346 | D:13     | Killed Erolcha
 20446 | D:13     | Noticed Nessos
 20690 | D:13     | Killed Nessos
 20926 | D:14     | Acquired the +1 pair of gloves "Lekis" {Will++ Int+3 Dex-2}
 21074 | D:14     | Reached skill level 1 in Conjurations
 22042 | D:14     | Reached XP level 16. HP: 78/96 MP: 32/32
 22402 | D:15     | Entered Level 15 of the Dungeon
 22745 | D:15     | Found a sacrificial altar of Ru.
 22837 | D:15     | Reached skill level 5 in Shields
 22856 | D:15     | Found a staircase to the Depths.
 22919 | D:15     | Learned a level 3 spell: Swiftness
 23237 | Orc:1    | Entered Level 1 of the Orcish Mines
 23494 | Orc:2    | Entered Level 2 of the Orcish Mines
 23505 | Orc:2    | Gained mutation: You are weak. (Str -2) [a neqoxec]
 23931 | Orc:2    | Found a staircase to the Elven Halls.
 23967 | Orc:2    | Reached skill level 1 in Air Magic
 26306 | Orc:2    | Found Jaets's Book Emporium.
 26313 | Orc:2    | Found Gicam's Distillery.
 26318 | Orc:2    | Found Joxabbus's Distillery.
 26327 | Orc:2    | Bought a potion of berserk rage for 70 gold pieces
 26327 | Orc:2    | Bought a potion of curing for 42 gold pieces
 26327 | Orc:2    | Bought a potion of curing for 42 gold pieces
 26327 | Orc:2    | Bought a potion of might for 56 gold pieces
 26329 | Orc:2    | Found Musasiy's Book Emporium.
 26333 | Orc:2    | Bought a potion of might for 56 gold pieces
 26333 | Orc:2    | Bought a potion of curing for 42 gold pieces
 26361 | Orc:2    | Bought a book of Vapours for 280 gold pieces
 26365 | Orc:2    | Learned a level 3 spell: Mephitic Cloud
 27080 | Snake:1  | Entered Level 1 of the Snake Pit
 27086 | Snake:1  | Reached skill level 1 in Poison Magic
 27786 | Shoals:1 | Entered Level 1 of the Shoals
 28485 | Shoals:1 | Reached skill level 5 in Air Magic
 28770 | Shoals:1 | Reached XP level 17. HP: 95/102 MP: 34/34
 28950 | Shoals:2 | Found a runed translucent door.
 28967 | Shoals:2 | Noticed GloriousHammer's ghost (adept VSBr)
 28986 | Shoals:2 | Killed GloriousHammer's ghost
 29169 | Shoals:2 | Noticed a kraken
 29204 | Shoals:2 | Killed a kraken
 29205 | Shoals:2 | Reached skill level 1 in Throwing
 30181 | Shoals:2 | Reached skill level 5 in Poison Magic
 30564 | Shoals:3 | Upgraded the game from 0.30-a0-847-g17996783a1 to
                  | 0.30-a0-852-g08b95dd62f
 30584 | Shoals:3 | Noticed jasper's ghost (adept HOMo)
 30590 | Shoals:3 | Found a transporter.
 30591 | Shoals:3 | Found a bloodstained altar of Trog.
 30700 | Shoals:3 | Found a transporter.
 31255 | Shoals:4 | Entered Level 4 of the Shoals
 31255 | Shoals:4 | Noticed Polyphemus
 31619 | Shoals:4 | Killed Polyphemus
 32290 | Shoals:4 | Reached skill level 5 in Conjurations
 32297 | Shoals:4 | Paralysed by an air elemental for 1 turns
 32302 | Shoals:4 | Paralysed by an air elemental for 1 turns
 33355 | Shoals:4 | Identified the +1 morningstar of Brawling {elec, *Corrode
                  | rElec rPois Will+++}
 33767 | Shoals:4 | Reached skill level 5 in Throwing
 33914 | Shoals:4 | HP: 5/104 [drowned by a water elemental (5)]
 33914 | Shoals:4 | Killed from afar by a storm dragon

Illustrated notes

Levels and vault maps discovered:
D:1:      wander_arrival_lonely_grave, layout_rooms
D:2:      layout_rooms, cheibrodos_gnoll_hut
D:3:      layout_basic, chequers_ecumenical_altar_simple, minmay_liquid_box,
          uniq_grinder
D:4:      layout_loops_ring, chequers_temple_overflow_statue_of_worship,
          minmay_misc_feat_room
D:5:      layout_loops_ring, temple_doors_e, nicolae_elevator_lobby_plus
D:6:      gammafunk_cloud_chamber, layout_basic, nzn_wu_jian_contemplation,
          ebering_ghost_inner_flame, nicolae_ossuary_entry_ruins,
          hangedman_glass_teeth
D:7:      layout_gridville, mainiacjoe_overflow_catwalk_spiral, minmay_holes
D:8:      layout_rooms, grunt_ministairs_8
D:9:      layout_grid_maze, serial_glass, glass_columns_c, glass_columns_a
D:10:     layout_loops_cross, nicolae_overflow_crystal_walls,
          mainiacjoe_overflow_paths, mainiacjoe_overflow_concentric_impassable,
          grunt_lair_entry_orc_guard_hut
D:11:     nzn_winding_woodlands_medium [nzn_winding_woodlands_5x5_perimeter,
          nzn_winding_woodlands_5x15_concentric,
          nzn_winding_woodlands_5x5_default, nzn_winding_woodlands_5x5_cross,
          nzn_winding_woodlands_center_garden,
          nzn_winding_woodlands_5x5_closed_star,
          nzn_winding_woodlands_hourglass,
          nzn_winding_woodlands_5x15_pathside_ponds,
          nzn_winding_woodlands_5x5_open_star], layout_long_grid,
          hiddenorc2_lemuel, serial_shops, kennysheep_little_box,
          nicolae_elyvilon_peaceful_grove
D:12:     minmay_the_grid_octo_tiled_octocenter_mashed
          [minmay_the_grid_octo_teeth, minmay_the_grid_octo_focus,
          minmay_the_grid_octo_empty, minmay_the_grid_octo_tetromino_candy,
          minmay_the_grid_octo_prize_single_spiral,
          minmay_the_grid_square_5x5_z, minmay_the_grid_square_5x5_mess,
          minmay_the_grid_square_5x5_pentomino_r,
          minmay_the_grid_square_5x5_hourglass], layout_cave_pools
D:13:     layout_irregular_city, grunt_vaults_entry_tiered, uniq_frances,
          uniq_erolcha, uniq_urug, uniq_nessos
D:14:     layout_loops_ring, serial_demonic, serial_demonic_b, serial_demonic_a,
          serial_demonic_g, serial_demonic_g, minivault_16
D:15:     gammafunk_enter_depths_forms, layout_rooms, nicolae_ru_awakened_eye,
          roderic_roman_lattice, hangedman_decor_points
Temple:   hc_temple_tempest_star
Lair:1:   layout_regular_city, fungi_pond_lemuel, st_stairs_11,
          minmay_stone_trees_small, infiniplex_staircase_pool
Lair:2:   layout_regular_city, minmay_snake_entry_six_corridors,
          portal_ice_cave_rime, grunt_megastairs_1
Lair:3:   layout_roguey, elwin_shoals_entry_stream, basic_altar,
          grunt_megastairs_2, infiniplex_staircase_pool_2, uniq_fannar
Lair:4:   layout_roguey, slime_entry_1
Lair:5:   guppyfry_lair_end_dragon, layout_misc_corridors, wormcave, st_stairs_7
Shoals:1: layout_shoals
Shoals:2: layout_shoals, ebering_ghost_reflecting_pool
Shoals:3: layout_shoals, gammafunk_ghost_wrathful_warriors
Shoals:4: shoals_end_hellmonk_storm_palace [storm_palace_center_square,
          storm_palace_corner_pillars, storm_palace_corner_pillars,
          storm_palace_corner_reverse_hut, storm_palace_corner_pillars],
          uniq_polyphemus
Snake:1:  layout_cave_pods, grunt_megastairs_5
Orc:1:    layout_diamond_mine
Orc:2:    st_orc_open, layout_diamond_mine, minmay_orc_temple_c

Skill      XL: |  1  2  3  4  5  6  7  8  9 10 11 12 13 14 15 16 17 |
---------------+----------------------------------------------------+-----
Shields        | 3 7 8 |  8.0
Fighting       | 3 4 5 7 9 10 11 | 11.3
Armour         | 3 6 8 12 | 12.3
Unarmed Combat | 3 4 5 7 9 10 12 14 | 14.2
Dodging        | 5 6 8 9 |  9.7
Stealth        | 6 7 10 13 14 | 14.1
Spellcasting   | 3 6 7 |  7.5
Evocations     | 4 8 9 |  9.6
Conjurations   | 2 3 6 |  6.1
Air Magic      | 5 6 |  6.8
Poison Magic   | 2 5 |  5.1
Throwing       | 5 |  5.1

Action                     |  1- 3 |  4- 6 |  7- 9 | 10-12 | 13-15 | 16-18 || total
---------------------------+-------+-------+-------+-------+-------+-------++-------
  Melee: Unarmed           |   117 |   154 |   325 |   589 |  1034 |  1073 ||  3292
         Bite              |    35 |    48 |   103 |   207 |   462 |   387 ||  1242
  Throw: Javelin           |       |       |     1 |     5 |     6 |     5 ||    17
         Boomerang         |       |       |       |     1 |     1 |    10 ||    12
         Dart              |       |       |       |       |     2 |     4 ||     6
   Cast: Mephitic Cloud    |       |       |       |       |       |     4 ||     4
 Invoke: Curse Item        |       |       |     5 |     2 |     1 |     3 ||    11
         Shatter the Chain |       |       |       |       |     1 |     2 ||     3
  Evoke: Wand              |       |       |     2 |     4 |     9 |    36 ||    51
         Phantom mirror    |       |       |       |       |       |     3 ||     3
         Condenser vane    |       |       |       |       |       |     2 ||     2
    Use: Scroll            |       |    11 |     7 |     2 |    10 |    15 ||    45
         Potion            |       |     1 |     2 |       |     5 |    10 ||    18
   Stab: Sleeping          |       |       |       |     4 |    10 |    12 ||    26
         Distracted        |       |       |       |       |     4 |     4 ||     8
         Invisible         |       |       |       |       |     1 |       ||     1
         Confused          |       |       |       |       |       |     5 ||     5
 Armour: Scale mail        |    62 |    42 |    88 |   100 |   232 |   242 ||   766
  Dodge: Dodged            |    42 |    39 |   110 |   170 |   356 |   402 ||  1119
  Block: Buckler           |    30 |    50 |   129 |   234 |   376 |    16 ||   835
         Reflection        |       |       |    12 |       |     6 |    39 ||    57
         Kite shield       |       |       |       |       |       |   921 ||   921

Table legend: (Time is in decaauts)
 A = Elapsed time spent in this place.
 B = Non-inter-level travel time spent in this place.
 C = Inter-level travel time spent in this place.
 D = Time resting spent in this place.
 E = Time spent auto-exploring this place.
 F = Levels seen in this place.
 G = Mean time per level.
                   A        B        C        D        E       F      G
               +--------+--------+--------+--------+--------+-----+--------+
         Total |  33568 |  32213 |   1355 |  10682 |  11540 |  29 | 1157.5 |
       Dungeon |  15758 |  15026 |    732 |   3417 |   7029 |  15 | 1050.5 |
        Temple |     49 |     36 |     13 |      0 |     23 |   1 |   49.0 |
          Lair |   6966 |   6673 |    293 |   1855 |   2626 |   5 | 1393.2 |
        Shoals |   6242 |   6092 |    150 |   3049 |    987 |   4 | 1560.5 |
     Snake Pit |    635 |    622 |     13 |    423 |     30 |   1 |  635.0 |
  Orcish Mines |   3709 |   3558 |    151 |   1938 |    844 |   2 | 1854.5 |
       Ossuary |    207 |    207 |      0 |      0 |      0 |   1 |  207.0 |
               +--------+--------+--------+--------+--------+-----+--------+

Top non-repeatable levels by time:
   Orc:1: 2640 daAuts
    D:11: 2568 daAuts
  Lair:5: 2223 daAuts
Shoals:4: 1843 daAuts
Shoals:3: 1717 daAuts
    D:13: 1680 daAuts
  Lair:4: 1593 daAuts
    D:14: 1525 daAuts
Shoals:2: 1435 daAuts
Shoals:1: 1246 daAuts
  Lair:3: 1185 daAuts
   Orc:2: 1069 daAuts
     D:8: 1028 daAuts
    D:12: 1022 daAuts
  Lair:1: 1012 daAuts
